 Dungeon Crawl Stone Soup version 0.24-a0-584-g9d6b971ae4 (webtiles) character file.

Game seed: 709514036749589156, levelgen mode: deterministic

26223 Holzbalken the Basher (level 12, -10/103 HPs)
             Began as a Demonspawn Gladiator on Sept 6, 2019.
             Was an Elder of Qazlal.
             Killed from afar by Jorgrun (30 damage)
             ... with a blast of rock fragments
             ... on level 15 of the Dungeon.
             The game lasted 01:07:46 (15764 turns).

Holzbalken the Basher (Demonspawn Gladiator)       Turns: 15764, Time: 01:07:47

Health: -10/103    AC: 17    Str: 19    XL:     12   Next: 96%
Magic:  14/14      EV:  9    Int: 15    God:    Qazlal [****..]
Gold:   1249       SH: 12    Dex: 17    Spells: 11/11 levels left

rFire    + . .     SeeInvis +   s - +7 flail (protect)
rCold    . . .     Gourm    .   x - +1 buckler
rNeg     + . .     Faith    .   t - +0 chain mail {rF+}
rPois    .         Spirit   .   (helmet unavailable)
rElec    .         Reflect  .   J - scarf {repulsion}
rCorr    .         Harm     .   C - +0 pair of gloves of Kucsuap {-Cast rN+ Int+4}
MR       +....     NoCast   +   y - +0 pair of boots (curse)
Stlth    ..........             (no amulet)
HPRegen  1.27/turn              k - +3 ring of dexterity
MPRegen  0.14/turn              w - ring of protection from magic

@: repel missiles
A: antennae 3, molten scales 1, demonic guardian 2, powered by death 1, robust 1
a: Upheaval, Elemental Force, Renounce Religion


You were on level 15 of the Dungeon.
You worshipped Qazlal.
Qazlal was greatly pleased with you.
You were not hungry.

You visited 2 branches of the dungeon, and saw 16 of its levels.
You also visited: Bailey.

You collected 1249 gold pieces.

Inventory:

Hand Weapons
 s - a +7 flail of protection (weapon)
 M - the +8 rapier of Tartarus {freeze, MR+ Str+3 Stlth+}
   (You found it on level 15 of the Dungeon)

   It has been specially enchanted to freeze those struck by it, causing extra
   injury to most foes and up to half again as much damage against particularly
   susceptible opponents.
   It can also slow down cold-blooded creatures.
   It affects your strength (+3).
   It affects your resistance to hostile enchantments.
   It makes you more stealthy.
Missiles
 d - 3 throwing nets (quivered)
Armour
 b - a +0 leather armour
 g - a +0 plate armour
 t - a +0 chain mail of fire resistance (worn)
 x - a +1 buckler (worn)
 y - a cursed +0 pair of boots (worn)
 C - the +0 pair of gloves of Kucsuap (worn) {-Cast rN+ Int+4}
   (You found it on level 7 of the Dungeon)

   It affects your intelligence (+4).
   It protects you from negative energy.
   It prevents spellcasting.
 E - a +0 cloak
 J - a scarf of repulsion (worn)
Jewellery
 k - a +3 ring of dexterity (left hand)
 w - a ring of protection from magic (right hand)
Wands
 j - a wand of scattershot (9)
 l - a wand of clouds (7)
 m - a wand of polymorph (25)
 q - a wand of random effects (12)
 D - a wand of enslavement (9)
Scrolls
 a - 14 scrolls of identify
 c - 3 scrolls of blinking
 h - 8 scrolls of remove curse
 i - 7 scrolls of teleportation
 B - a scroll of amnesia
 I - 3 scrolls of fear
 L - a scroll of acquirement {unknown}
Potions
 e - a potion of heal wounds
 p - 3 potions of haste
 r - 2 potions of curing
 u - 2 potions of lignification
 v - a potion of agility
 z - 2 potions of mutation
 A - 3 potions of cancellation
 F - 2 potions of invisibility {unknown}
 G - 2 potions of brilliance {unknown}
 H - 2 potions of magic {unknown}
 K - a potion of flight
Miscellaneous
 o - a fan of gales
Comestibles
 f - 29 rations
 n - 3 chunks of flesh


   Skills:
 + Level 8.5 Fighting
 - Level 14.0 Maces & Flails
 - Level 1.7 Throwing
 + Level 11.3 Armour
 - Level 2.6 Dodging
 - Level 4.1 Shields
 + Level 3.4 Invocations


You had 11 spell levels left.
You didn't know any spells.
Your spell library contained the following spells:

 Spells                   Type           Power        Failure   Level  Hunger
 Magic Dart               Conj           #...         89%         1    ##.....
 Blink                    Tloc           N/A          96%         2    ###....
 Call Imp                 Summ           #.......     96%         2    ###....
 Passwall                 Tmut/Erth      #.......     96%         2    ###....
 Slow                     Hex            #.......     96%         2    ###....
 Swiftness                Chrm/Air       #.......     96%         2    ###....
 Conjure Flame            Conj/Fire      #.......     99%         3    ####...
 Mephitic Cloud           Conj/Pois/Air  #.......     99%         3    ####...
 Passage of Golubria      Tloc           N/A          100%        4    #####..
 Lee's Rapid Deconstruct  Erth           #.........   100%        5    ######.
 Darkness                 Hex            #.........   100%        6    #######
 Invisibility             Hex            #.......     100%        6    #######


Dungeon Overview and Level Annotations

Branches:
Dungeon (15/15)            Temple (1/1) D:5            Lair (0/6) D:11
    Orc (0/2) D:10         Vaults (0/5) D:13         Bailey (visited)
 Depths: D:15

Altars:
Ashenzari
Cheibriados
Dithmenos
Elyvilon
Fedhas
Gozag
Hepliaklqana
Kikubaaqudgha
Makhleb
Nemelex Xobeh
Okawaru
Qazlal
Ru
Sif Muna
Trog
Uskayaw
Vehumet
Wu Jian
Xom
Yredelemnul
Zin
The Shining One

Annotations:
D:15 Jorgrun


Innate Abilities, Weirdness & Mutations

You have a pair of large antennae on your head. (SInv)
You are partially covered in molten scales. (AC +2)
A demonic guardian rushes to your aid.
You regenerate a little health from kills.
You are robust. (+10% HP)


Message History

Jorgrun casts a spell past your orange demon.
The wall shatters!
The blast of rock fragments hits your orange demon!
Your orange demon closely misses Jorgrun.
You see here an arrow.
Jorgrun burns!
Jorgrun gestures at the rock wall while chanting.
You hear a grinding noise.
You block the wyvern's attack.
Your orange demon stings Jorgrun from afar!
Jorgrun is poisoned.
Your orange demon poisons Jorgrun!
There is a stone staircase leading up here.
The tengu warrior dies!
Qazlal accepts your kill.
Jorgrun burns!
You block the wyvern's attack.
Jorgrun points at you and mumbles some strange words.
The wall shatters!
The blast of rock fragments hits your orange demon!
The blast of rock fragments hits you!!
You die...

####### .....# #
..... .# #☼.#
..# #.4##..#
#○☼@...# #..
#.(l#..# #...
#○.##..# #...
#)§##..# {
##..#.4.##..#
#..3g...(...#
#......(....# {
####O##c..##..#
.....##.(.#####.


You could see Jorgrun (burning), an ogre mage (invisible), a yaktaur, a wyvern
and 2 friendly orange demons.

Vanquished Creatures
  A centaur warrior (D:13)
  A death knight (D:12)
  2 dancing weapons (D:13)
  5 two-headed ogres
  3 death yaks
  2 unseen horrors
  4 ugly things
  A manticore (D:13)
  2 cyclopes (D:13)
  A gargoyle (D:14)
  3 trolls
  A spriggan (D:10)
  A hungry ghost (D:11)
  5 yaks
  A basilisk (D:13)
  3 vampire mosquitoes
  9 orc warriors
  8 sky beasts
  2 black bears
  A necrophage (D:11)
  An ice beast (D:10)
  2 eyes of draining (D:12)
  A phantom (D:6)
  7 ogres
  14 centaurs
  Blork the orc (D:5)
  8 bullfrogs
  2 wyvern zombies (D:12)
  5 scorpions
  7 killer bees (D:11)
  A howler monkey (D:7)
  2 crimson imps (D:9)
  3 centaur zombies
  6 hounds
  A bullfrog skeleton (D:7)
  2 jellies
  2 centaur skeletons
  12 orc priests
  2 iguanas
  15 orc wizards
  5 worker ants
  2 killer bee zombies
  A hound zombie (D:3)
  3 gnolls
  5 adders
  A shadow imp (D:6)
  2 adder skeletons
  4 worms (D:2)
  2 dart slugs
  4 leopard geckos
  52 orcs
  10 bats
  4 giant cockroaches
  4 goblins
  10 hobgoblins
  9 jackals
  8 kobolds
  2 quokkas
  2 ball pythons (D:1)
  4 frilled lizards
  2 quokka skeletons
  A quokka zombie (D:7)
  9 rats
296 creatures vanquished.

Vanquished Creatures (collateral kills)
  8 two-headed ogres
  An ogre mage (D:12)
  A tengu warrior (D:15)
  2 orc knights (Bailey)
  An ugly thing (D:12)
  A centaur zombie (D:9)
  A gargoyle (D:12)
  A tengu conjurer (D:13)
  2 wyverns
  A shadow (D:11)
  Sigmund (D:5)
  2 yaks (D:12)
  A hungry ghost (D:8)
  2 vampire mosquitoes (D:14)
  3 orc warriors
  A sky beast (D:12)
  A phantom (D:11)
  3 ogres
  11 centaurs
  3 bullfrogs
  A wyvern zombie (D:12)
  A water moccasin zombie (D:8)
  A scorpion (D:11)
  A killer bee (D:11)
  A howler monkey (D:9)
  3 crimson imps
  5 orc wizards
  2 orc priests
  An iguana (D:14)
  A worker ant (D:7)
  3 gnolls
  An adder (D:8)
  An adder skeleton (D:9)
  A leopard gecko (D:10)
  11 orcs
  3 goblins
  2 hobgoblins
  2 jackals (D:9)
  A kobold (D:3)
89 creatures vanquished.

Vanquished Creatures (others)
  An unseen horror (D:9)
  A bullfrog (D:9)
  A scorpion (D:9)
  2 howler monkeys (D:9)
  An orc priest (D:9)
  An adder zombie (D:9)
  A quokka (D:9)
  A fungus (D:9)
9 creatures vanquished.

Grand Total: 394 creatures vanquished

Notes
Turn   | Place    | Note
-------+----------+-------------------------------------------
     0 | D:1      | Holzbalken the Demonspawn Gladiator began the quest for the
                  | Orb.
     0 | D:1      | Reached XP level 1. HP: 16/16 MP: 1/1
    74 | D:1      | Reached skill level 3 in Maces & Flails
   486 | D:1      | Gained mutation: You regenerate a little health from kills.
                  | [demonic ancestry]
   486 | D:1      | Reached XP level 2. HP: 2/22 MP: 2/2
  1440 | D:2      | Found a burning altar of Makhleb.
  1440 | D:2      | Noticed an Executioner
  1443 | D:2      | Noticed a hellwing
  1443 | D:2      | Noticed an orange demon
  1478 | D:2      | Gained mutation: A weak demonic guardian rushes to your
                  | aid. [demonic ancestry]
  1478 | D:2      | Reached XP level 3. HP: 16/27 MP: 3/3
  1650 | D:2      | Reached skill level 4 in Maces & Flails
  1983 | D:2      | Reached XP level 4. HP: 7/33 MP: 4/4
  2376 | D:2      | Found a shimmering blue altar of Sif Muna.
  2983 | D:3      | Found an iron altar of Okawaru.
  3018 | D:3      | Reached skill level 5 in Maces & Flails
  3018 | D:3      | Reached skill level 1 in Shields
  3038 | D:3      | Gained mutation: A demonic guardian rushes to your aid.
                  | [demonic ancestry]
  3038 | D:3      | Reached XP level 5. HP: 11/38 MP: 5/5
  3641 | D:3      | Gained mutation: You have a pair of small antennae on your
                  | head. [demonic ancestry]
  3641 | D:3      | Reached XP level 6. HP: 43/44 MP: 6/6
  3859 | D:4      | Found a sacrificial altar of Ru.
  3904 | D:4      | Noticed a sky beast
  4241 | D:4      | Killed a sky beast
  4241 | D:4      | Reached skill level 6 in Maces & Flails
  4692 | D:5      | Entered Level 5 of the Dungeon
  4728 | D:5      | Noticed Sigmund
  4764 | D:5      | Noticed Blork the orc
  4775 | D:5      | Killed Blork the orc
  4775 | D:5      | Gained mutation: You are partially covered in molten
                  | scales. (AC +2) [demonic ancestry]
  4775 | D:5      | Reached XP level 7. HP: 41/50 MP: 7/7
  4854 | D:5      | Found a sparkling altar of Nemelex Xobeh.
  5043 | D:5      | Found a staircase to the Ecumenical Temple.
  5090 | D:5      | Found a glowing golden altar of the Shining One.
  5103 | D:5      | Killed Sigmund
  5133 | Temple   | Entered the Ecumenical Temple
  5485 | D:6      | Reached skill level 7 in Maces & Flails
  5835 | D:6      | Gained mutation: You have a pair of antennae on your head.
                  | [demonic ancestry]
  5835 | D:6      | Reached XP level 8. HP: 50/56 MP: 8/8
  5882 | D:6      | Reached skill level 8 in Maces & Flails
  6909 | D:7      | Reached skill level 1 in Armour
  6917 | D:7      | Reached skill level 9 in Maces & Flails
  6960 | D:7      | Got a pair of transparent gloves
  6966 | D:7      | Identified the +0 pair of gloves of Kucsuap {-Cast rN+
                  | Int+4} (You found it on level 7 of the Dungeon)
  7569 | D:8      | Gained mutation: You have a pair of large antennae on your
                  | head. (SInv) [demonic ancestry]
  7569 | D:8      | Reached XP level 9. HP: 62/65 MP: 9/9
  7964 | D:8      | Paralysed by fainting for 12 turns
  8068 | D:8      | Found a shadowy altar of Dithmenos.
  8317 | D:9      | Found a sparkling altar of Nemelex Xobeh.
  8321 | D:9      | Found a hazy altar of Hepliaklqana.
  8349 | D:9      | Found an opulent altar of Gozag.
  8386 | D:9      | Noticed an unseen horror
  8387 | D:9      | Found a blossoming altar of Fedhas.
  8396 | D:9      | Reached skill level 5 in Fighting
  8398 | D:9      | Killed an unseen horror
  8448 | D:9      | Found a shimmering altar of Xom.
  8516 | D:9      | Found a stormy altar of Qazlal.
  8525 | D:9      | Became a worshipper of Qazlal Stormbringer
  8682 | D:9      | Reached skill level 10 in Maces & Flails
  8695 | D:9      | Found a white marble altar of Elyvilon.
  8876 | D:9      | Found a hide-covered altar of Uskayaw.
  8942 | D:9      | Reached skill level 5 in Armour
  9189 | D:10     | Entered Level 10 of the Dungeon
  9235 | D:10     | Found a flagged portal.
  9245 | Bailey   | Entered a bailey
  9401 | Bailey   | Noticed an orc knight
  9401 | Bailey   | Noticed an orc knight
  9431 | Bailey   | Reached XP level 10. HP: 62/76 MP: 10/10
  9438 | Bailey   | Killed an orc knight
  9451 | Bailey   | Killed an orc knight
  9451 | Bailey   | Reached * piety under Qazlal
 10056 | D:10     | Noticed a two-headed ogre
 10066 | D:10     | Killed a two-headed ogre
 10440 | D:10     | Found a staircase to the Orcish Mines.
 10897 | D:11     | Reached ** piety under Qazlal
 10897 | D:11     | Noticed a death yak
 10902 | D:11     | Noticed a death yak
 10903 | D:11     | Noticed a death yak
 10932 | D:10     | Reached skill level 11 in Maces & Flails
 10934 | D:10     | Killed a death yak
 11427 | D:11     | Gained mutation: You are robust. (+10% HP) [demonic
                  | ancestry]
 11427 | D:11     | Reached XP level 11. HP: 71/94 MP: 11/11
 11440 | D:11     | Killed a death yak
 11449 | D:11     | Killed a death yak
 11503 | D:11     | Reached *** piety under Qazlal
 11799 | D:11     | Paralysed by fainting for 12 turns
 11953 | D:11     | Found a staircase to the Lair.
 12296 | D:12     | Noticed a two-headed ogre
 12302 | D:12     | Killed a two-headed ogre
 12307 | D:12     | Reached skill level 12 in Maces & Flails
 12357 | D:12     | Noticed a green ugly thing
 12359 | D:12     | Noticed a two-headed ogre
 12367 | D:12     | Killed a green ugly thing
 12368 | D:12     | Noticed a two-headed ogre
 12369 | D:12     | Noticed a two-headed ogre
 12370 | D:12     | Noticed an ogre mage
 12372 | D:12     | Noticed a two-headed ogre
 12372 | D:12     | Noticed a two-headed ogre
 12427 | D:12     | Noticed an unseen horror
 12732 | D:12     | Noticed a death knight
 12743 | D:12     | Killed a death knight
 12760 | D:12     | Noticed a two-headed ogre
 12764 | D:12     | Killed an unseen horror
 12783 | D:12     | Killed a two-headed ogre
 13075 | D:12     | Killed a two-headed ogre
 13311 | D:12     | Got a jewelled falchion
 13312 | D:12     | Identified the +5 falchion of Cibeocir {protect, rElec
                  | rPois} (You found it on level 12 of the Dungeon)
 13397 | D:12     | Reached **** piety under Qazlal
 13472 | D:12     | Noticed a two-headed ogre
 13481 | D:12     | Killed a two-headed ogre
 13502 | D:12     | Noticed a two-headed ogre
 13508 | D:12     | Killed a two-headed ogre
 13751 | D:12     | Noticed a two-headed ogre
 13752 | D:12     | Noticed a two-headed ogre
 13755 | D:12     | Killed a two-headed ogre
 13755 | D:12     | Reached XP level 12. HP: 99/101 MP: 12/12
 13756 | D:12     | Killed a two-headed ogre
 13760 | D:12     | Killed an ogre mage
 13765 | D:12     | Killed a two-headed ogre
 13765 | D:12     | Reached skill level 10 in Armour
 13765 | D:12     | Killed a two-headed ogre
 13765 | D:12     | Reached skill level 13 in Maces & Flails
 13766 | D:12     | Killed a two-headed ogre
 13770 | D:12     | Killed a two-headed ogre
 14230 | D:13     | You fall into a shaft and drop 2 floors!
 14230 | D:15     | Entered Level 15 of the Dungeon
 14321 | D:14     | Noticed a two-headed ogre
 14326 | D:14     | Killed a two-headed ogre
 14355 | D:14     | Found a shimmering altar of Xom.
 15127 | D:13     | Reached skill level 1 in Invocations
 15195 | D:13     | Found a gate to the Vaults.
 15404 | D:13     | Noticed a centaur warrior
 15418 | D:13     | Killed a centaur warrior
 15418 | D:13     | Reached skill level 14 in Maces & Flails
 15731 | D:15     | Got a steaming rapier
 15732 | D:15     | Identified the +8 rapier of Tartarus {freeze, MR+ Str+3
                  | Stlth+} (You found it on level 15 of the Dungeon)
 15745 | D:15     | Noticed a tengu warrior
 15746 | D:15     | Noticed a centaur warrior
 15747 | D:15     | Noticed an ogre mage
 15753 | D:15     | Noticed Jorgrun
 15764 | D:15     | Killed a tengu warrior
 15764 | D:15     | Killed from afar by Jorgrun

Levels and vault maps discovered:
D:1:      sevenhm_arrival_forest_fort_large_1, layout_rooms,
          supply_closet_lemuel
D:2:      layout_loops_ring, marbit_many_paths, first_ration,
          makhleb_altar_promises_db
D:3:      layout_basic, okawaru_ov_weapons_minmay
D:4:      lemuel_upstairs_altar, layout_cave_pools,
          lemuel_coloured_pillars_altar
D:5:      layout_basic, nicolae_overflow_crystal_walls,
          minmay_temple_entry_mist, nemelex_xobeh_ov_fountains_minmay,
          uniq_sigmund, uniq_blork_the_orc
D:6:      layout_basic
D:7:      layout_basic
D:8:      layout_loops_cross, basic_altar
D:9:      layout_basic, grunt_temple_overflow_forces_of_nature,
          xom_confusion_cloud, elyvilon_altar_3, grunt_temple_overflow_open,
          basic_altar
D:10:     layout_loops_ring, david_orc_1_choice, enter_bailey_2, the_bakery
D:11:     layout_long_grid, dpeg_lair_monsters
D:12:     layout_basic
D:13:     layout_roguey, erik_vaults_1
D:14:     layout_cave_pools, basic_altar, kennysheep_nondescript
D:15:     hangedman_depths_entry_civil_slaughter, layout_stronghold,
          hangedman_abyss_or_decor_clamps, uniq_jorgrun
Temple:   chequers_temple_sunken

Skill      XL: |  1  2  3  4  5  6  7  8  9 10 11 12 |
---------------+-------------------------------------+-----
Maces & Flails | 3 4 5 6 7 9 10 11 12 14 | 14.0
Shields        | 1 2 3 4 |  4.1
Armour         | 2 5 7 9 11 | 11.3
Fighting       | 3 6 8 |  8.5
Invocations    | 3 |  3.4
Throwing       | |  1.7
Dodging        | |  2.6

Action                   |  1- 3 |  4- 6 |  7- 9 | 10-12 || total
-------------------------+-------+-------+-------+-------++-------
Melee: Flail             |   152 |   241 |   367 |   644 ||  1404
  Use: Potion            |       |     3 |     5 |     4 ||    12
       Scroll            |       |    13 |     7 |     4 ||    24
 Stab: Sleeping          |     1 |       |       |       ||     1
       Distracted        |       |     1 |     2 |     4 ||     7
  Eat: Chunk             |     3 |     9 |    15 |    23 ||    50
       Ration            |       |       |     1 |       ||     1
Armor: Leather armour    |    56 |    68 |    28 |       ||   152
       Chain mail        |       |       |   175 |   351 ||   526
Dodge: Dodged            |    86 |   151 |   211 |   275 ||   723
       Deflected         |       |       |       |     5 ||     5
Block: Buckler           |       |    23 |   161 |   339 ||   523

Table legend:
 A = Non-vault XP
 B = Vault XP
 C = Vault XP percentage of total XP
 D = Non-vault monster count
 E = Vault monster count
 F = Vault count percentage of total count
                 A         B        C        D         E       F
            +---------+---------+-------+---------+---------+-------
      Total |   31004 |    6458 |  17.2 |     336 |      49 |  12.7
            +---------+---------+-------+---------+---------+-------
        D:1 |      26 |       5 |  16.1 |      15 |       4 |  21.1
        D:2 |     106 |       2 |   1.9 |      31 |       1 |   3.1
        D:3 |     244 |       0 |   0.0 |      32 |       0 |   0.0
        D:4 |     324 |       0 |   0.0 |      18 |       0 |   0.0
        D:5 |      49 |     203 |  80.6 |       5 |       2 |  28.6
        D:6 |     660 |       0 |   0.0 |      12 |       0 |   0.0
        D:7 |     893 |       0 |   0.0 |      23 |       0 |   0.0
        D:8 |     980 |       0 |   0.0 |      15 |       0 |   0.0
        D:9 |    1435 |     253 |  15.0 |      23 |       6 |  20.7
       D:10 |    2121 |    1412 |  40.0 |      33 |      13 |  28.3
       D:11 |    3382 |    1609 |  32.2 |      51 |       4 |   7.3
       D:12 |   11523 |       0 |   0.0 |      44 |       0 |   0.0
       D:13 |    5167 |    1561 |  23.2 |      19 |       2 |   9.5
       D:14 |    4094 |       0 |   0.0 |      15 |       0 |   0.0
       D:15 |       0 |     427 | 100.0 |       0 |       1 | 100.0
     Bailey |       0 |     986 | 100.0 |       0 |      16 | 100.0
            +---------+---------+-------+---------+---------+-------
